 Dungeon Crawl Stone Soup version 0.29.1-2-gbd0b4ee654 (webtiles) character file.

Game seed: 5540110060410953355

61 GorkyZ the Twirler (level 4, 0/34 HPs)
             Began as a Formicid Gladiator on Nov 21, 2022.
             Slain by an orc wizard
             ... wielding a +0 dagger
              (2 damage)
             ... on level 3 of the Dungeon.
             The game lasted 00:04:09 (2498 turns).

GorkyZ the Twirler (Formicid Gladiator)             Turns: 2498, Time: 00:04:09

Health: 0/34       AC:  5    Str: 20    XL:     4   Next: 27%
Magic:  4/4        EV: 12    Int:  8    God:
Gold:   48         SH:  0    Dex: 15    Spells: 3/3 levels left

rFire   . . .      SeeInvis +   a - +0 quarterstaff
rCold   . . .      Faith    .   (no shield)
rNeg    . . .      Spirit   .   l - +0 ring mail
rPois   .          Reflect  .   (helmet unavailable)
rElec   .          Harm     .   (no cloak)
rCorr   .          Rampage  .   (no gloves)
Will    .....                   (no boots)
Stlth   +.........              (no amulet)
HPRegen 0.11/turn               (no ring)
MPRegen 0.09/turn               (no ring)

@: no status effects
A: permanent stasis, dig shafts and tunnels, antennae 3, four strong arms
a: Dig, Shaft Self


You were on level 3 of the Dungeon.
You visited 1 branch of the dungeon, and saw 3 of its levels.

You collected 48 gold pieces.

Inventory:

Hand Weapons
 a - a +0 quarterstaff (weapon)
 e - a +1 dagger of venom
Missiles
 c - a throwing net (quivered)
 d - a javelin
 g - 5 poisoned darts
Armour
 b - a +0 leather armour
 l - a +0 ring mail (worn)
Scrolls
 h - 3 scrolls of identify {unknown}
 i - a scroll of noise {unknown}
 k - a scroll of fog {unknown}
 n - a scroll of amnesia {unknown}
Potions
 f - a potion of haste {unknown}
 j - 4 potions of lignification {unknown}
 m - 2 potions of experience {unknown}
 o - 2 potions of magic {unknown}


   Skills:
 + Level 2.8 Fighting
 - Level 3.0 Staves
 + Level 2.4 Throwing
 + Level 1.1 Armour
 + Level 3.0 Dodging
 + Level 1.7 Shields
 + Level 1.1 Evocations


You had 3 spell levels left.
You didn't know any spells.
Your spell library was empty.

Dungeon Overview and Level Annotations

Branches:
Dungeon (3/15)

Altars:

Annotations:
D:3 3 runed translucent doors, matvey144's ghost, amateur MiGl


Innate Abilities, Weirdness & Mutations

You cannot be hasted, slowed, berserked, paralysed or teleported.
You can dig through walls and to a lower floor.
You have a pair of large antennae on your head. (SInv)
Your four strong arms can wield two-handed weapons with a shield.


Message History

You are too injured to fight recklessly!
You are too injured to fight recklessly!
You are too injured to fight recklessly!
You are too injured to fight recklessly!
You are too injured to fight recklessly!
You are too injured to fight recklessly!
You sock the worm!
You kill the worm!
The orc barely misses you. The orc closely misses you.
You see here a worm corpse.
The orc hits you but does no damage.
You closely miss the orc. The orc hits you but does no damage.
You hit the orc.
The orc is lightly wounded.
The orc hits you with a +0 club. The orc closely misses you.
You hit the orc but do no damage.
The orc is lightly wounded.
The orc hits you with a +0 club.
* * * LOW HITPOINT WARNING * * *
The orc wizard gestures at you while chanting.
The puff of flame hits you.
* * * LOW HITPOINT WARNING * * *
Throw: 3 throwing nets
Press: ? - help, Q - select action, (/) - cycle Shift-Dir - straight line, f - orc wizard
Aim: an orc wizard, wielding a +0 dagger and wearing a +0 robe (53% to hit)
You throw a throwing net.
The throwing net barely misses the orc wizard.
A bat comes into view.
The orc hits you with a +0 club.
* * * LOW HITPOINT WARNING * * *
The orc hits you but does no damage. The orc barely misses you.
Throw: 2 throwing nets
Press: ? - help, Q - select action, (/) - cycle Shift-Dir - straight line, f/p - orc wizard
Aim: an orc wizard, wielding a +0 dagger and wearing a +0 robe (53% to hit)
You throw a throwing net.
The throwing net barely misses the orc wizard.
The orc closely misses you. x3
The orc wizard hits you with a +0 dagger.
You die...

..#..# #.#..# #.#..# #
###.#>.# .#
.#.#...#<.##### ..#
..............# ...#
.......)..b...# ....#
...###+++###.o##......
# #...nWgS#.@o....(#
#.....{{#oo#.......
.#.##.##J#.......=#.
..#. #.##.#..#....(#
..#. #.##.#..##....#
.. $....#..# ....#
....#..# #.....
#####... .....


You could see an orc wizard, 3 orcs, an endoplasm and a bat.

Vanquished Creatures
  An adder (D:2)
  A worm (D:3)
  2 dart slugs (D:1)
  A ball python (D:2)
  3 bats (D:1)
  2 endoplasms (D:1)
  A giant cockroach (D:2)
  2 goblins (D:1)
  9 hobgoblins
  4 jackals (D:2)
  5 kobolds
  A quokka (D:2)
  2 frilled lizards (D:2)
  7 rats
41 creatures vanquished.

Notes
Turn   | Place    | Note
-------+----------+-------------------------------------------
     0 | D:1      | GorkyZ the Formicid Gladiator began the quest for the Orb.
     0 | D:1      | Reached XP level 1. HP: 16/16 MP: 1/1
    33 | D:1      | Reached XP level 2. HP: 13/22 MP: 2/2
    47 | D:1      | Reached skill level 1 in Shields
   736 | D:1      | Reached XP level 3. HP: 18/28 MP: 3/3
  1515 | D:2      | Reached skill level 1 in Armour
  1515 | D:2      | Reached skill level 1 in Evocations
  1788 | D:2      | Reached XP level 4. HP: 34/34 MP: 4/4
  2474 | D:3      | Noticed a necrophage
  2474 | D:3      | Noticed matvey144's ghost (amateur MiGl)
  2474 | D:3      | Found a runed translucent gate.
  2474 | D:3      | Found a runed translucent gate.
  2474 | D:3      | Found a runed translucent gate.
  2498 | D:3      | Slain by an orc wizard

Illustrated notes

Levels and vault maps discovered:
D:1:      psy_arrival_radial01, layout_basic, minmay_unequal
D:2:      layout_basic
D:3:      layout_basic, amethyst_overflow_temple_binary, gammafunk_ghost_split,
          chequers_ecumenical_altar_twisty, chequers_hall_statues_corner_a

Skill      XL: |  1  2  3 |
---------------+----------+-----
Shields        | 1 |  1.7
Armour         | 1 |  1.1
Dodging        | 3 |  3.0
Evocations     | 1 |  1.1
Fighting       | |  2.8
Staves         | |  3.0
Throwing       | |  2.4

Action                   |  1- 3 |  4- 6 || total
-------------------------+-------+-------++-------
Melee: Quarterstaff      |    34 |    28 ||    62
       Dagger            |    62 |       ||    62
       Punch             |     1 |       ||     1
Throw: Throwing net      |       |     2 ||     2
Armor: Leather armour    |    21 |       ||    21
       Ring mail         |     6 |    10 ||    16
Dodge: Dodged            |    62 |    21 ||    83
